Map: Winter's Gate LE

Players

MaNa - Winner!

  • Race: Protoss Protoss
  • Spawn Location: 11:00

Cuddlebear

  • Race: Terran Terran
  • Spawn Location: 5:00

VOD

Have the link to the VOD?

Description

Time

  • Played on: Sept. 7, 2019, 10:16 a.m.
  • Length: 7:52
Show
View Real Time Build Order
Export as new Build Order

MaNa Protoss - Winner!

Build Orders: Oracle Opening 

Get SALT Encoding   

  12  0:00  Probe  
  13  0:12  Probe  
  14  0:17  Pylon  
  14  0:24  Probe  
  15  0:32  Probe  
  15  0:40  Probe  
  15  0:41  Gateway  
  17  0:52  Probe  
  17  0:54  Pylon  
  18  1:03  Assimilator  
  18  1:04  Probe  
  19  1:12  Gateway  
  19  1:16  Probe  
  20  1:29  Probe  
  20  1:31  Cybernetics Core  
  21  1:41  Probe  
  22  1:47  Pylon  
  22  1:53  Probe  
  23  1:59  Stalker  
  23  2:08  Adept  
  25  2:10  Probe  
  28  2:20  Assimilator  
  28  2:25  Probe  
  28  2:34  Warp Gate  
  28  2:37  Probe  
  29  2:48  Nexus  
  29  2:49  Probe  
  29  2:50  Pylon  
  30  2:59  Pylon  
  30  3:02  Probe  
  30  3:03  Stargate  
  31  3:14  Probe  
  31  3:17  Stalker  
  34  3:26  Probe  
  35  3:29  Gateway  
  35  3:36  Oracle  
  35  3:38  Probe  
  39  3:50  Probe  
  40  4:01  Probe  
  40  4:02  Probe  
  42  4:03  Oracle  
  42  4:09  Gateway  
  42  4:13  Probe  
  42  4:14  Probe  
  42  4:15  Shield Battery  
  47  4:20  Pylon  
  47  4:25  Probe  
  47  4:26  Probe  
  47  4:27  Robotics Facility  
  47  4:30  Assimilator  
  49  4:34  Stalker  
  51  4:41  Pylon  
  51  4:45  Probe  
  52  4:52  Oracle  
  42  4:55  Probe  
  42  4:56  Probe  
  44  5:03  Probe  
  44  5:04  Probe  
  47  5:11  Probe  
  47  5:12  Probe  
  49  5:16  Observer  
  52  5:22  Probe  
  52  5:23  Probe  
  53  5:31  Probe  
  53  5:34  Probe  
  53  5:39  Probe  
  53  5:42  Adept x3  
  58  5:46  Probe  
  58  5:47  Immortal  
  64  6:01  Shield Battery  
  64  6:03  Stalker  
  64  6:04  Stalker  
  56  6:13  Zealot  
  58  6:22  Probe x2  
  57  6:27  Stalker  
  53  6:34  Probe  
  53  6:39  Probe  
  47  6:43  Probe  
  47  6:47  Probe, Stalker x2  
  47  6:52  Probe  
  52  6:55  Probe  
  52  6:57  Sentry  
  52  7:00  Probe  
  56  7:04  Warp Prism  
  56  7:05  Probe  
  60  7:13  Probe  
  61  7:15  Stalker  
  61  7:21  Probe  
  64  7:25  Probe  
  65  7:33  Probe  
  65  7:37  Probe  
  61  7:45  Stalker x3  
Show
View Real Time Build Order
Export as new Build Order

Cuddlebear Terran 

Build Orders: Liberator Opening 

Get SALT Encoding   

  12  0:01  SCV  
  14  0:16  SCV  
  14  0:19  Supply Depot  
  14  0:28  SCV  
  15  0:42  Barracks  
  16  0:46  Refinery, SCV  
  16  0:51  Refinery  
  16  0:58  SCV  
  17  1:10  SCV  
  18  1:22  SCV  
  20  1:34  Orbital Command  
  20  1:35  Supply Depot  
  20  1:39  Marine  
  20  1:49  Factory  
  20  1:59  Marine  
  21  2:06  Bunker  
  21  2:10  SCV  
  22  2:22  SCV  
  23  2:24  Engineering Bay  
  23  2:34  SCV  
  23  2:35  Widow Mine  
  26  2:42  Starport  
  25  2:46  SCV  
  26  2:56  Widow Mine, Barracks Reactor  
  28  3:00  SCV  
  28  3:02  Supply Depot  
  29  3:12  SCV  
  30  3:23  Medivac  
  30  3:24  SCV  
  30  3:26  Factory Tech Lab  
  33  3:29  Supply Depot  
  33  3:33  Marine x2  
  35  3:43  Liberator, Command Center  
  35  3:49  Siege Tank  
  35  3:52  Marine  
  39  3:59  Marine  
  39  4:02  SCV  
  44  4:10  Marine  
  44  4:14  SCV  
  44  4:17  Marine  
  46  4:22  Supply Depot  
  47  4:33  Supply Depot  
  47  4:44  Siege Tank, SCV, Marine x2  
  50  4:56  Viking  
  51  5:02  Orbital Command  
  51  5:07  Marine  
  51  5:10  SCV  
  53  5:18  Orbital Command  
  53  5:22  SCV  
  53  5:27  Marine x2  
  56  5:32  Siege Tank  
  54  5:39  SCV  
  55  5:45  SCV  
  56  5:50  Marine x2  
  56  5:51  SCV  
  62  5:57  SCV  
  62  5:59  Viking  
  56  6:11  SCV  
  35  6:38  Marine  
  35  6:39  Marine  
  31  6:42  SCV  
  29  6:47  SCV  
  29  6:52  Siege Tank  
  29  6:54  SCV  
  32  6:56  Marine x2  
  32  6:59  SCV  
  35  7:02  Viking  
  35  7:06  SCV  
  38  7:11  SCV  
  38  7:14  Marine x2  
  41  7:18  SCV  
  41  7:20  Bunker  
  42  7:23  SCV  
  37  7:30  SCV  
  37  7:32  Marine x2  
Tags
 
Add a new tag
Caveats
  • Supply blocks, unpowered buildings, or Contaminate may cause inaccurate times.
  • Supply counts are checked every 10 seconds.